Unix NetHack Version 5.0.0-0 post-release - last build May 31 2026 23:59:36 (970b52f25bf058293b47ddfd14a1e40e571c508c,branch:main).

Game began 2026-05-29 23:03:19, ended 2026-06-04 03:11:30.

FalseGod, lawful female dwarven Valkyrie

                                   --------- 5
                                   |.......|
                                   |.......|1                 -----
                                   |...@...| 5                |...
     ---------                    4|...@...|                 --..---------
     |.......|.  --             | 4|...S...|2 |             --.%.|.......|
     |.......|....---......     |.5----|---- 5|            --.%.%|.......|
     |..._.%%)...%%-...... ..   |...5...524...| 1      .%%%-%!.!?+..._...|
     |.......|)...---.....!  .- ---....22.4.---       .).% --%%..|.%%....|
     |.......|.. --  -....%..--   -----&-----        .%     --...|.......|
     ---------          -.-  -     -.552524          %--     --..---------
                        ...------- ..4...  4      -  %%       |...
                        .........| .1.1c2 55     %%..%.       -----
                         ........-  q....       .--
                          ........    .%.  --...
                          .    . ..----%----...-
                           ..%..`).*%).))%*.%%)|
                                      ----------
FalseGod the Heroine        St:25 Dx:16 Co:18 In:9 Wi:16 Ch:13  Lawful
Astral Plane $:134 HP:240(242) Pw:36(36) AC:-39 Xp:22/20140819 T:68946 

Latest messages:
 The splash of venom hits the garter snake.
 The garter snake is blinded by the venom.
 The Angel of Odin swings his silver mace at the pit viper.
 The Angel of Odin hits the pit viper.
 The Angel of Odin swings his silver mace at the pit viper.
 The Angel of Odin hits the pit viper.
 The Angel of Odin hits the pit viper.
 This door is locked.
 You resume your attempt at unlocking the door.
 You succeed in unlocking the door.
 The door opens.
 The high priest intones:
 "Pilgrim, you enter a sacred place!"
 The cobra spits venom!
 A splash of venom misses you.
 Pestilence moves the yellow dragon out of the way!
 You hear a mumbled curse.
 You hear a mumbled curse.
 The cobra misses!
 Death rises from the dead in a whirl of spectral skulls!
 Pestilence moves the shocking sphere out of the way!
 The pit viper turns to flee.
 You see the pit viper slither under corpses.
 The high priest of Tyr wields a mace!
 The high priest of Tyr kicks!
 The cobra spits venom!
 The splash of venom misses it.
 A splash of venom misses you.
 Pestilence moves the cobra out of the way!
 What do you want to name? [a-ik-wyzA-EH-NPR-UWXZ or ?*] ?
 What do you want to name this amulet of life saving? with thanks to TNoR <3
 What do you want to name? [a-ik-wyzA-EH-NPR-UWXZ or ?*] ?
 What do you want to name this amulet of life saving? an excellent first ascension
 What do you want to sacrifice? [w or ?*] ?
 What do you want to sacrifice? [w or ?*] <esc>
 Never mind.
 What do you want to name? [a-ik-wyzA-EH-NPR-UWXZ or ?*] ?
 What do you want to name this Amulet of Yendor named Benjamin? faith in mankind
 What do you want to sacrifice? [w or ?*] w
 You offer the Amulet of Yendor to Tyr...
 An invisible choir sings, and you are bathed in radiance...
 The voice of Tyr rings out: "Mortal, thou hast done well!"
 "In return for thy service, I grant thee the gift of Immortality!"
 You ascend to the status of Demigoddess...
 Do you want your possessions identified? [ynq] (y) y
 Do you want to see your attributes? [ynq] (y) y
 Do you want an account of creatures vanquished? [ynaq] (y) y
 Do you want a list of species genocided and extinct? [ynaq] (y) y
 Do you want to see your conduct and achievements? [ynq] (y) y
 Do you want to see the dungeon overview? [ynq] (y) y

Inventory:
 Coins    ('$')
  $ - 134 gold pieces
 Amulets  ('"')
  f - an uncursed amulet of life saving named an excellent first ascension
  h - an uncursed amulet of life saving named with thanks to TNoR <3 (being worn)
 Weapons  (')')
  p - a +0 arrow
  x - the blessed rustproof +6 Excalibur (wielded in left hand)
  z - a +5 silver saber (wielded in right hand)
 Armor    ('[')
  H - a blessed greased +7 elven leather helm (being worn)
  P - an uncursed greased +4 pair of gauntlets of power (being worn)
  B - a blessed greased fireproof +4 pair of speed boots (being worn)
  E - an uncursed +0 shield of reflection
  v - a blessed greased fireproof +4 cloak of magic resistance named AtomicJoy's fault (being worn)
  T - an uncursed +4 T-shirt with text "Hey, black dragon!  Disintegrate THIS!" (being worn)
  S - a blessed greased rotproof +4 silver dragon scale mail (being worn)
 Comestibles  ('%')
  C - 3 uncursed K-rations
 Scrolls  ('?')
  M - 2 uncursed scrolls of blank paper
  K - a blessed scroll of scare monster
 Spellbooks  ('+')
  L - the blessed Book of the Dead
 Potions  ('!')
  U - an uncursed potion of full healing
  r - an uncursed potion of object detection
  k - an uncursed potion of restore ability
 Rings    ('=')
  n - an uncursed ring of conflict (on left hand)
  q - an uncursed ring of free action (on right hand)
  l - a blessed ring of levitation
  c - an uncursed ring of regeneration
 Wands    ('/')
  D - a cursed wand of cancellation (1:2)
  d - a cursed wand of cold (0:3)
  t - a wand of create monster (0:6)
  Z - a wand of death (1:2)
  g - a wand of death (1:0)
  e - a wand of digging (0:1)
  y - a wand of digging (0:0)
  m - a wand of enlightenment (0:5)
  a - a wand of fire (0:3)
  I - a wand of magic missile (0:0)
  J - a wand of secret door detection (0:6)
  R - a wand of teleportation (0:0)
 Tools    ('(')
  i - a blessed greased bag of holding containing 37 items
  X - an uncursed bag of holding containing 5 items
  W - the Bell of Opening (0:1)
  b - an uncursed blindfold
  N - the uncursed Candelabrum of Invocation (0 of 7 candles attached)
  A - a blessed magic marker (0:40)
  G - the blessed Orb of Fate (0:5)
  o - an uncursed skeleton key
  s - an uncursed stethoscope
  u - a blessed +0 unicorn horn

Contents of the bag of holding:
  1380 gold pieces
  a blessed amulet of flying
  an uncursed amulet of unchanging
  an uncursed carrot
  3 uncursed food rations
  7 uncursed K-rations
  an uncursed lizard corpse
  2 uncursed lizard corpses
  an uncursed scroll of charging
  an uncursed scroll of earth
  an uncursed scroll of identify
  an uncursed scroll of remove curse
  a blessed scroll of stinking cloud
  4 blessed potions of levitation
  an uncursed ring of free action
  an uncursed ring of polymorph control
  an uncursed ring of protection from shape changers
  an uncursed ring of slow digestion
  a wand of digging (0:6)
  a blessed wand of fire (0:2)
  a wand of lightning (0:1)
  a wand of opening (0:4)
  a wand of probing (0:3)
  a wand of sleep (0:6)
  a wand of stasis (1:6)
  a wand of undead turning (0:3)
  an empty uncursed sack named GEAR GEAR GEAR GEAR
  a magic harp (0:3)
  a can of grease (0:9)
  a blessed magic lamp
  a blessed magic lamp
  a blessed magic marker (1:37)
  a blessed magic marker (1:10)
  a blessed magic whistle
  a +0 pick-axe
  an uncursed towel
  an uncursed luckstone

Contents of the bag of holding:
  2 uncursed cloves of garlic
  2 uncursed sprigs of wolfsbane
  2 blessed scrolls of remove curse
  2 potions of holy water
  a blessed +0 unicorn horn

FalseGod the Valkyrie's attributes:

Background:
 You were a Heroine, a level 22 dwarven Valkyrie.
 You were lawful, on a mission for Tyr
 who was opposed by Odin (neutral) and Loki (chaotic).
 You were left-handed.
 You were in the endgame, on the Astral Plane.
 You entered the dungeon 68946 turns ago.
 It was nighttime.
 You had 20140819 experience points, 9859181 more were needed for level 23.

Basics:
 You had 240 out of 242 hit points.
 You had all 36 energy points (spell power).
 Your armor class was -39.
 Your wallet contained 134 zorkmids, and
 you had 1380 more stashed away in your pack.
 Autopickup was off.

Final Characteristics:
 Your strength was 25 (base:18/18, peak:18/20, innate limit:18/100).
 Your dexterity was 16 (peak:17, limit:20).
 Your constitution was 18 (peak:19, limit:20).
 Your intelligence was 9 (limit:16).
 Your wisdom was 16 (limit:16).
 Your charisma was 13 (limit:16).

Final Status:
 You weren't hungry.
 You were unencumbered.
 You were wielding two weapons at once.
 Your skill in long sword was limited by being skilled with two weapons.
 Your two weapon skill was limited by being basic with saber.

Final Attributes:
 You were piously aligned.
 You were magic-protected.
 You were fire resistant.
 You were cold resistant.
 You were sleep resistant.
 You were disintegration resistant.
 You were shock resistant.
 You were poison resistant.
 You were level-drain resistant.
 You saw invisible.
 You were telepathic.
 You were warned.
 You had automatic searching.
 You had infravision.
 You were invisible to others.
 You were stealthy.
 You caused conflict.
 You had teleport control.
 You had a moderate defense bonus (+9).
 You were warded.
 You took half physical damage.
 You took half spell damage.
 You were very fast.
 You had reflection.
 You had free action.
 Your life would have been saved.
 You were extremely lucky.
 You had extra luck.
 Good luck did not time out for you.
 You survived.

Miscellaneous:
 You encountered 1 bones level.
 Total elapsed playing time was 1 day, 22 hours, 41 minutes and 49 seconds.

Major events:
 Turn
    1: FalseGod the lawful dwarven Valkyrie entered the dungeon
  803: attained the rank of Skirmisher (level 3)
 1637: entered the Gnomish Mines
 3881: reached Mine Town
 4101: attained the rank of Fighter (level 6)
 4371: made her first wish - "blessed greased fixed +2 silver dragon scale mail", got "a greased silver dragon scale mail"
15500: acquired the Mines' End luckstone
17730: was bestowed with Mjollnir by Tyr
17822: attained the rank of Woman-at-arms (level 10)
18555: consulted the Oracle
18984: entered the Bigroom
19015: entered Sokoban
19388: completed 1st Sokoban level
19801: completed 2nd Sokoban level
20251: completed 3rd Sokoban level
21049: completed 4th Sokoban level
21191: acquired the Sokoban amulet of reflection
25994: killed Medusa
26903: wished for "blessed greased fixed bag of holding", got "a greased bag"
29166: attained the rank of Warrior (level 14)
29548: was given Excalibur by the Lady of the Lake
29661: was bestowed with Demonbane by Tyr
29664: just blew up her bag of holding via tipping
33239: performed her first genocide (class L)
39166: wished for "blessed greased bag of holding", got "a greased bag"
40786: entered Home 1, the Quest
40842: the Norn has granted access to proceed deeper into the quest
40867: entered Home 2, the Quest
40902: entered Home 3, the Quest
41123: entered Home 4, the Quest
41192: entered Home 5, the Quest
41303: found the Orb of Fate on the floor
41416: killed Lord Surtur
41418: acquired the Bell of Opening
42878: attained the rank of Swashbuckler (level 18)
43338: killed Croesus
47896: wished for "blessed magic marker", got "a magic marker"
48936: entered Gehennom
51866: killed Asmodeus
51903: killed Juiblex
52981: killed Baalzebub
55312: destroyed Vlad the Impaler
55314: acquired the Candelabrum of Invocation
59581: genocided master mind flayers
59582: genocided class ;
59914: genocided class R
61177: killed Orcus
63871: attained the rank of Heroine (level 22)
66126: killed the Wizard of Yendor
66142: acquired the Book of the Dead
66315: performed the invocation
66455: killed the Wizard of Yendor (2nd time)
66811: killed the high priest of Moloch
66812: acquired The Amulet of Yendor
66813: wished for "blessed magic marker", got "a magic marker"
67792: killed the Wizard of Yendor (3rd time)
68241: entered the Elemental Planes
68241: entered Plane of Earth
68241: killed the Wizard of Yendor (5th time)
68303: entered Plane of Air
68351: entered Plane of Fire
68399: entered Plane of Water
68703: entered the Astral Plane
68730: killed Pestilence
68766: killed Pestilence (2nd time)
68920: killed Pestilence (3rd time)
68930: killed Death
68934: killed Famine
68946: ascended

Spells:
 Name                 Level Category     Fail Retention
 cure blindness         2   healing       71%    (gone)
 sleep                  3   enchantment   93%    (gone)
 extra healing          3   healing       79%    (gone)
 identify               3   divination    93%    (gone)
 detect treasure        4   divination   100%    (gone)
 magic missile          2   attack        88%    (gone)

Skills:
 Fighting Skills
   bare handed combat [Unskilled]
   two weapon combat  [Skilled]
   riding             [Unskilled]
 Weapon Skills
   dagger             [Basic]
   axe                [Unskilled]
   pick-axe           [Unskilled]
   short sword        [Unskilled]
   broadsword         [Unskilled]
   long sword         [Expert]
   two-handed sword   [Unskilled]
   saber              [Basic]
   mace               [Unskilled]
   hammer             [Skilled]
   quarterstaff       [Unskilled]
   polearms           [Unskilled]
   spear              [Skilled]
   trident            [Unskilled]
   lance              [Unskilled]
   sling              [Unskilled]
 Spellcasting Skills
   attack spells      [Unskilled]
   escape spells      [Unskilled]

Voluntary challenges:
 Character rerolling was not enabled.
 You genocided 13 types of monsters.
 You used 5 wishes.
 You did not wish for any artifacts.
 You did not violate any of the special Sokoban rules.
Achievements:
 You attained the rank of Skirmisher.
 You entered the Gnomish Mines.
 You entered Minetown.
 You entered a shop.
 You entered a temple.
 You attained the rank of Fighter.
 You completed the Gnomish Mines.
 You attained the rank of Woman-at-arms.
 You consulted the Oracle of Delphi.
 You entered the Big Room.
 You entered Sokoban.
 You completed Sokoban.
 You defeated Medusa.
 You learned the tune to open and close the Castle's drawbridge.
 You attained the rank of Warrior.
 You had the Bell of Opening.
 You attained the rank of Swashbuckler.
 You entered Gehennom.
 You had the Candelabrum of Invocation.
 You attained the rank of Heroine.
 You had the Book of the Dead.
 You gained access to Moloch's Sanctum.
 You reached the Elemental Planes.
 You reached the Astral Plane.
 You delivered the Amulet of Yendor.
 You ascended!

 The Elemental Planes:
    Astral Plane: <- You are here.
       Many temples and many altars.
    Plane of Water:
    Plane of Fire:
    Plane of Air:
    Plane of Earth:
 The Dungeons of Doom: levels 1 to 26
    Level 1: "vault"
       A fountain.
       One way stairs up to The Elemental Planes.
    Level 2:
       Stairs down to The Gnomish Mines.
    Level 3:
       An altar to Tyr.
    Level 4:
       A wand shop.
    Level 5:
    Level 6:
    Level 7:
       A grave.
       Final resting place for
          Atomicjoy-Wiz-Elf-Mal-Cha, killed by a giant spider.
    Level 8: "unicorns"
       A fountain, some sinks.
    Level 9:
       Many fountains.
       Oracle of Delphi.
    Level 10:
       A very big room.
       Stairs up to Sokoban, level 9.
    Level 11: "wand stash"
       Some altars.
       Portal to Fort Ludios.
    Level 12:
    Level 13:
    Level 14:
    Level 15:
       A primitive area.
    Level 16: "wand stash + etc. + misc. items"
       A sink.
       Portal to The Quest.
    Level 17:
       A temple and an altar.
    Level 18:
       An armor shop.
    Level 19:
       Many altars.
    Level 20:
    Level 21: "stash in Droom"
       Some shops.
    Level 22: "stash Uroom"
    Level 23: "level teleporter"
    Level 24: "zoo"
    Level 25:
    Level 26:
       The castle (play notes "GGBBB" to open or close drawbridge).
       Connection to Gehennom.
 Gehennom: levels 27 to 48
    Level 27: "wands DC"
       A temple and an altar, many graves.
       Valley of the Dead.
    Level 28:
    Level 29:
    Level 30:
    Level 31:
    Level 32:
    Level 33:
    Level 34:
    Level 35:
    Level 36:
       Stairs up to Vlad's Tower, level 35.
    Level 37:
    Level 38:
    Level 39:
       Some shops, an altar, many graves.
    Level 40: "yendor"
    Level 41:
    Level 42:
    Level 43:
    Level 44:
    Level 45:
    Level 46:
    Level 47: "vibe square"
    Level 48:
       A temple and an altar, many graves.
       Moloch's Sanctum.
 The Gnomish Mines: levels 3 to 10
    Level 3:
    Level 4:
    Level 5:
    Level 6:
       Many shops, a temple and an altar, some fountains.
    Level 7:
    Level 8:
    Level 9:
    Level 10:
 The Quest: levels 1 to 5
    Level 1:
       A fountain.
       Completed quest for the Norn.
    Level 2:
    Level 3:
    Level 4:
    Level 5:
 Sokoban: levels 9 up to 6
    Level 6:
       Solved.
    Level 7:
       Solved.
    Level 8:
       Solved.
    Level 9:
       Solved.
 Fort Ludios:
    Level 1:
       Fort Ludios.
 Vlad's Tower: levels 35 up to 33
    Level 33:
       A throne.
    Level 34:
    Level 35:


Vanquished creatures:
    Asmodeus
    Baalzebub
    Orcus
    Juiblex
  3 erinyes
the Wizard of Yendor (5 times)
    Death
    Pestilence (thrice)
    Famine
    Vlad the Impaler
  a high cleric
  a mastodon
    Medusa
    Croesus
 10 iron golems
  4 storm giants
  a glass golem
  8 balrogs
  6 purple worms
  a gold dragon
  a silver dragon
  9 red dragons
  3 white dragons
  3 orange dragons
  4 black dragons
  2 blue dragons
  3 green dragons
  7 yellow dragons
 20 minotaurs
  3 jabberwocks
    Lord Surtur
  3 baluchitheria
  5 Angels
  3 stone golems
  3 master mind flayers
 10 Olog-hai
  a Nazgul
 16 pit fiends
  a sandestin
  8 hell hounds
  4 displacer beasts
  4 titanotheres
  6 trappers
  7 baby red dragons
  2 genetic engineers
 37 vampire leaders
  6 skeletons
 20 aligned clerics
  5 captains
  6 shades
  3 liches
  5 water trolls
  4 clay golems
  9 nurses
  7 ice devils
 11 nalfeshnees
  8 lurkers above
  a frost giant
  7 ettins
 13 black puddings
 32 vampires
 10 lieutenants
 38 ghosts
  a queen bee
  9 winged gargoyles
  4 mind flayers
 12 giant mimics
  8 long worms
 10 zruties
 27 fire giants
 12 ogre tyrants
  3 ice trolls
 10 rock trolls
 11 umber hulks
 10 flesh golems
  9 elven monarchs
  3 doppelgangers
 13 hezrous
 17 bone devils
 16 large mimics
  3 wumpuses
 11 fire vortices
 19 stalkers
  5 air elementals
 10 fire elementals
 14 earth elementals
 21 water elementals
 10 hill giants
  2 giant mummies
  2 black nagas
 10 xorns
 28 giant zombies
 25 elf-nobles
 29 sergeants
  2 water demons
 10 barbed devils
 18 vrocks
  8 salamanders
 18 wargs
  3 winter wolves
 17 hell hound pups
 21 small mimics
  a glass piercer
  7 warhorses
 10 steam vortices
 19 xans
  6 ettin mummies
 12 ogre leaders
  9 quantum mechanics
 43 trolls
  a sasquatch
  2 wood golems
 14 mariliths
  a djinni
  4 sharks
 19 gelatinous cubes
  7 pyrolisks
  6 large dogs
  9 freezing spheres
 12 flaming spheres
  7 shocking spheres
  3 large cats
 12 tigers
 12 gargoyles
  a dwarf ruler
  2 tengu
  8 ochre jellies
  9 leocrottas
  4 energy vortices
  5 mountain centaurs
  6 stone giants
  4 elf mummies
  5 human mummies
 13 red nagas
  3 green slimes
 10 pythons
 20 pit vipers
 23 cobras
 40 wraiths
  5 carnivorous apes
 20 ettin zombies
  4 leather golems
  8 Grey-elves
120 soldiers
  4 watchmen
 17 amorous demons
 11 horned devils
  2 chameleons
  3 crocodiles
 88 giant beetles
 10 quivering blobs
 21 cockatrices
 16 wolves
  3 winter wolf cubs
  5 lynxes
  4 panthers
 51 gremlins
  7 spotted jellies
 37 leprechauns
  8 orc-captains
 10 iron piercers
  3 mumakil
 15 giant spiders
  4 scorpions
  8 horses
 an ice vortex
  3 baby long worms
 13 black lights
 17 vampire bats
 12 forest centaurs
  4 gnome rulers
  8 orc mummies
  5 dwarf mummies
 18 ogres
 18 brown puddings
  8 rust monsters
 12 owlbears
  5 yetis
  2 gold golems
  4 werewolves
 12 Green-elves
 11 giant eels
 26 lizards
  a warrior
 12 chickatrices
  5 dingoes
  8 dogs
  8 housecats
 10 jaguars
  a dwarf leader
  4 blue jellies
  4 white unicorns
  7 gray unicorns
  3 black unicorns
  5 dust vortices
  9 ravens
 12 plains centaurs
  7 gnome mummies
 17 snakes
  9 water moccasins
 13 apes
 18 human zombies
  4 rope golems
 12 Woodland-elves
 84 soldier ants
 96 fire ants
 26 bugbears
  4 imps
 14 lemures
  5 quasits
  9 wood nymphs
  4 water nymphs
 10 mountain nymphs
 41 Mordor orcs
 16 Uruk-hai
 10 orc shamans
 12 rock piercers
  9 rock moles
  5 ponies
  4 fog clouds
 15 yellow lights
  4 shriekers
  9 violet fungi
 14 gnome leaders
  5 gnomish wizards
  5 kobold mummies
  a red naga hatchling
 14 gray oozes
  7 barrow wights
 15 elf zombies
 11 ghouls
  8 straw golems
  4 paper golems
  5 jellyfish
 91 giant ants
  a little dog
 14 floating eyes
  3 kittens
 10 dwarves
  5 homunculi
  3 kobold leaders
  7 kobold shamans
 30 hill orcs
 24 rothes
  5 rabid rats
  2 centipedes
  6 giant bats
  7 monkeys
 20 orc zombies
  7 dwarf zombies
  4 wererats
  4 werejackals
 25 iguanas
109 killer bees
  6 acid blobs
  7 coyotes
  4 gas spores
  7 hobbits
 12 manes
  2 large kobolds
 43 hobgoblins
 20 giant rats
 12 cave spiders
  a brown mold
  2 yellow molds
  a green mold
  a red mold
 53 gnomes
  2 Keystone Kops
 23 garter snakes
 11 gnome zombies
 14 geckos
 16 jackals
  a fox
  3 kobolds
  9 goblins
  2 sewer rats
 25 grid bugs
  8 lichens
 12 kobold zombies
 20 newts
3225 creatures vanquished.

Genocided or extinct species:
 erinyes (extinct)
 arch-liches
 krakens
 master liches
 demiliches
 master mind flayers
 disenchanters
 liches
 sharks
 electric eels
 soldiers (extinct)
 giant beetles (extinct)
 rust monsters
 piranha
 giant eels
 soldier ants (extinct)
 fire ants (extinct)
 jellyfish
 giant ants (extinct)
 killer bees (extinct)
13 species genocided.
7 species extinct.

Farvel FalseGod the Demigoddess...

You went to your reward with 3543740 points,
Excalibur (worth 4000 zorkmids and 10000 points)
The Orb of Fate (worth 3500 zorkmids and 8750 points)
The Book of the Dead (worth 10000 zorkmids and 25000 points)
The Candelabrum of Invocation (worth 5000 zorkmids and 12500 points)
The Bell of Opening (worth 5000 zorkmids and 12500 points)
       2 amulets of life saving (worth 300 zorkmids),
       1 amulet of unchanging (worth 150 zorkmids),
       1 amulet of flying (worth 150 zorkmids),
and 1514 pieces of gold, after 68946 moves.
You were level 22 with a maximum of 242 hit points when you ascended.

